 Dungeon Crawl Stone Soup version 0.31.0 (webtiles) character file.

Game seed: 17464500000748201052

3 puppykicker the Trooper (level 1, -2/18 HPs)
             Began as a Formicid Cinder Acolyte on Jan 19, 2024.
             Was a High Priest of Ignis.
             Slain by a hobgoblin (4 damage)
             ... on level 1 of the Dungeon.
             The game lasted 00:00:12 (56 turns).

puppykicker the Trooper (Formicid Cinder Acolyte)     Turns: 56, Time: 00:00:13

Health: -2/18      AC:  2    Str: 18    XL:     1   Next: 55%
Magic:  2/2        EV: 11    Int: 13    God:    Ignis [*****.]
Gold:   0          SH:  0    Dex:  9    Spells: 2/2 levels left

rFire   + . .        a - -1 hand axe (flame)
rCold   . . .        (no shield)
rNeg    . . .        b - +0 robe
rPois   .            (helmet unavailable)
rElec   .            (no cloak)
rCorr   .            (no gloves)
SInv    +            (no boots)
Will    .....        (no amulet)
Stlth   +            (no ring)
HPRegen 0.23/turn    (no ring)
MPRegen 0.08/turn

%: no passive effects
@: no status effects
A: permanent stasis, dig shafts and tunnels, antennae 3, four strong arms
a: Dig, Shaft Self, Renounce Religion, Fiery Armour, Foxfire Swarm, Rising Flame


You were on level 1 of the Dungeon.
You worshipped Ignis.
Ignis was extremely pleased with you.
You visited 1 branch of the dungeon, and saw 1 of its levels.

Inventory:

Hand Weapons
 a - a -1 hand axe of flaming (weapon)
Armour
 b - a +0 robe (worn)


   Skills:
 - Level 3.2 Fighting
 + Level 3.2 Axes
 - Level 1.1 Spellcasting
 - Level 3.0 Fire Magic


You had 2 spell levels left.
You didn't know any spells.
Your spell library contained the following spells:

 Spells                   Type           Power      Damage    Failure   Level
 Scorch                   Fire           16%        2d5       12%         2


Dungeon Overview and Level Annotations

Branches:
Dungeon (1/15)

Altars:


Innate Abilities, Weirdness & Mutations

You cannot be hasted, slowed, berserked, paralysed or teleported.
You can dig through walls and to a lower floor.
You have a pair of large antennae on your head. (SInv)
Your four strong arms can wield two-handed weapons with a shield.


Message History

The kobold shouts!
A hobgoblin comes into view.
The hobgoblin shouts!
The kobold hits you with a +0 dagger.
You take 2 damage, and have 16/18 hp.
You hit the kobold. You burn the kobold.
You kill the kobold!
An endoplasm comes into view.
The endoplasm quivers.
Things that are here:
a +0 dagger; 5 stones; a kobold corpse You barely miss the hobgoblin.
The hobgoblin hits you but does no damage.
You barely miss the hobgoblin.
The hobgoblin hits you but does no damage.
You barely miss the hobgoblin. The hobgoblin hits you.
You take 3 damage, and have 14/18 hp.
You hit the hobgoblin but do no damage. The hobgoblin hits you.
* * * LOW HITPOINT WARNING * * *
The hobgoblin misses you.
You take 5 damage, and have 9/18 hp.
MASSIVE DAMAGE!!
You hit the endoplasm. You burn the endoplasm.
The endoplasm is severely wounded.
You hit the hobgoblin. You burn the hobgoblin. The hobgoblin hits you.
* * * LOW HITPOINT WARNING * * *
The endoplasm hits you.
* * * LOW HITPOINT WARNING * * *
You take 5 damage, and have 4/18 hp.
MASSIVE DAMAGE!!
You hit the endoplasm. You burn the endoplasm.
You kill the endoplasm!
You closely miss the hobgoblin. The hobgoblin hits you.
* * * LOW HITPOINT WARNING * * *
You take 2 damage, and have 2/18 hp.
Unknown command.
You hit the hobgoblin. You burn the hobgoblin.
The hobgoblin is severely wounded.
The hobgoblin hits you.
You die...

### ## ## . #.## ....
...#######..###.#.# #
................#.#.#
......g@....##....#.###
..#########.##.........
{ #######.##.......#
..........>......#
#+##############.......#
..........# #.......#
##########.#.# #.......#
#.......#.##.# #.#######
#.###'###.#.#.# #.#


You could see a hobgoblin.

Levels and vault maps discovered:
D:1:      matt_arrival_los_fun, layout_basic

Notes
Turn   | Place    | Note
-------+----------+-------------------------------------------
     0 | D:1      | puppykicker the Formicid Cinder Acolyte began the quest for
                  | the Orb.
     0 | D:1      | Reached XP level 1. HP: 18/18 MP: 2/2
    25 | D:1      | Identified a -1 hand axe of flaming
    44 | D:1      | Identified a +0 dagger
    54 | D:1      | HP: 4/18 [endoplasm (3)]
    56 | D:1      | Slain by a hobgoblin

Table legend: (Time is in decaauts)
 A = Elapsed time spent in this place.
 B = Non-inter-level travel time spent in this place.
 C = Inter-level travel time spent in this place.
 D = Time resting spent in this place.
 E = Time spent auto-exploring this place.
 F = Levels seen in this place.
 G = Mean time per level.
                   A        B        C        D        E       F      G
               +--------+--------+--------+--------+--------+-----+--------+
         Total |     57 |     57 |      0 |      0 |     37 |   1 |   57.0 |
       Dungeon |     57 |     57 |      0 |      0 |     37 |   1 |   57.0 |
               +--------+--------+--------+--------+--------+-----+--------+

Top non-repeatable levels by time:
     D:1: 57 daAuts

Table legend:
 A = Kills in this place as a percentage of kills in the entire game.
 B = Kills by you in this place as a percentage of kills by you in the entire game.
 C = Kills by friends in this place as a percentage of kills by friends in the entire game.
 D = Other kills in this place as a percentage of other kills in the entire game.
 E = Experience gained in this place as a percentage of experience gained in the entire game.
 F = Experience gained in this place divided by the number of levels of this place that you have seen.
                   A       B       C       D       E      F
               +-------+-------+-------+-------+-------+----------------------
         Total | 100.0 | 100.0 |   N/A |   N/A | 100.0 |   5.0
       Dungeon | 100.0 | 100.0 |   N/A |   N/A | 100.0 |   5.0
               +-------+-------+-------+-------+-------+----------------------

Action                     || total
---------------------------++-------
  Melee: Hand axe          ||    10
 Armour: Robe              ||    10
  Dodge: Dodged            ||     2

Vanquished Creatures
  An endoplasm (D:1)
  A kobold (D:1)
  A rat (D:1)
3 creatures vanquished.
